[Event "45th FIDE Womens Olympiad 2024"]
[Site "Budapest"]
[Date "2024.09.11"]
[Round "1.115"]
[White "Sabreen Oraby"]
[Black "Forgas Moreno, Yaniela"]
[Result "0-1"]
[ECO "A24"]
[WhiteElo "1812"]
[BlackElo "2203"]
[Annotator "ChessBase"]
[PlyCount "172"]
[EventDate "2024.09.05"]
[EventType "team-tourn"]
[EventCountry "HUN"]
[SourceTitle "playchess.com"]
[Source "ChessBase"]
[SourceQuality "1"]
[WhiteTeam "Sudan"]
[BlackTeam "Cuba"]
[WhiteTeamCountry "SUD"]
[BlackTeamCountry "CUB"]
[TimeControl "40/5400+30:1800+30"]

1. c4 Nf6 2. g3 g6 3. Bg2 Bg7 4. Nf3 d6 5. O-O O-O 6. Nc3 e5 7. d3 Re8 8. Bg5 h6 9. Bxf6 Bxf6 10. Qd2 Bg7 11. Rab1 a5 12. a3 c6 13. b4 axb4 14. axb4 Be6 15. b5 Ra3 16. Ne1 Qa5 17. Rc1 d5 18. Nb1 Qxd2 19. Nxd2 cxb5 20. cxd5 Bd7 21. Rc7 Ra2 22. Nef3 f5 23. Nb3 b6 24. Rb7 Rb2 25. Nfd2 e4 26. Rxb6 Bc3 27. Rd1 b4 28. dxe4 Ba4 29. Nc4 Rxb3 30. Rxg6+ Kh7 31. Rb6 Ra3 32. Rc1 Ra2 33. Bh3 Rxe2 34. Bxf5+ Kg7 35. Rg6+ Kf8 36. Be6 Rxe4 37. Nd6 R4xe6 38. dxe6 b3 39. Nxe8 b2 40. Rb1 Bc2 41. Rxb2 Bxb2 42. Rg4 Be5 43. f4 Bd4+ 44. Kf1 Bf5 45. Rh4 Kxe8 46. Rxh6 Ke7 47. h3 Nc6 48. g4 Bd3+ 49. Ke1 Bc3+ 50. Kf2 Bg7 51. Rh5 Bd4+ 52. Kf3 Kxe6 53. Rh6+ Kd5 54. g5 Bg7 55. Rh4 Nd4+ 56. Ke3 Nf5+ 57. Kxd3 Nxh4 58. Ke3 Bd4+ 59. Kd3 Ng6 60. f5 Nf4+ 61. Kd2 Nxh3 62. g6 Ke4 63. Ke2 Nf4+ 64. Kf1 Kxf5 65. g7 Bxg7 66. Kf2 Ke4 67. Kg3 Bd4 68. Kg4 Bf2 69. Kg5 Nd5 70. Kg4 Ne3+ 71. Kg5 Ke5 72. Kg6 Bh4 73. Kf7 Bf6 74. Kg6 Ke6 75. Kh5 Kf5 76. Kh6 Nd5 77. Kh5 Nf4+ 78. Kh6 Bg5+ 79. Kg7 Ke6 80. Kf8 Nh5 81. Ke8 Ng7+ 82. Kf8 Kf6 83. Kg8 Ne6 84. Kh7 Kf7 85. Kh8 Bf4 86. Kh7 Nf8+ 0-1

[Event "45th FIDE Womens Olympiad 2024"]
[Site "Budapest"]
[Date "2024.09.11"]
[Round "1.116"]
[White "Hernandez Gil, Ineymig"]
[Black "Elizabeth  Tanyous"]
[Result "1-0"]
[ECO "B32"]
[WhiteElo "2160"]
[BlackElo "1530"]
[Annotator "ChessBase"]
[PlyCount "39"]
[EventDate "2024.09.05"]
[EventType "team-tourn"]
[EventCountry "HUN"]
[SourceTitle "playchess.com"]
[Source "ChessBase"]
[SourceQuality "1"]
[WhiteTeam "Cuba"]
[BlackTeam "Sudan"]
[WhiteTeamCountry "CUB"]
[BlackTeamCountry "SUD"]
[TimeControl "40/5400+30:1800+30"]

1. e4 c5 2. Nf3 Nc6 3. d4 cxd4 4. Nxd4 e5 5. Nb5 a6 6. Nd6+ Bxd6 7. Qxd6 Nge7 8. Nc3 O-O 9. Bg5 Kh8 10. O-O-O f6 11. Be3 b6 12. h4 b5 13. Kb1 Qa5 14. Nd5 Rf7 15. Bb6 Qa4 16. Bc5 Nxd5 17. Qxd5 Kg8 18. Qxc6 Rb8 19. Qc7 Ra8 20. Qd8+ 1-0

[Event "45th FIDE Womens Olympiad 2024"]
[Site "Budapest"]
[Date "2024.09.11"]
[Round "1.117"]
[White "Newrkla, Katharina"]
[Black "Haile, Lidet Abate"]
[Result "1-0"]
[ECO "C66"]
[WhiteElo "2208"]
[BlackElo "1834"]
[Annotator "ChessBase"]
[PlyCount "43"]
[EventDate "2024.09.05"]
[EventType "team-tourn"]
[EventCountry "HUN"]
[SourceTitle "playchess.com"]
[Source "ChessBase"]
[SourceQuality "1"]
[WhiteTeam "Austria"]
[BlackTeam "Ethiopia"]
[WhiteTeamCountry "AUT"]
[BlackTeamCountry "ETH"]
[TimeControl "40/5400+30:1800+30"]

1. e4 e5 2. Nf3 Nc6 3. Bb5 d6 4. d4 exd4 5. Nxd4 Bd7 6. Nc3 Nf6 7. O-O Be7 8. Nxc6 Bxc6 9. Bxc6+ bxc6 10. b3 O-O 11. Bb2 Re8 12. f4 a5 13. Qf3 Nd7 14. Rad1 Qc8 15. e5 d5 16. Kh1 Bb4 17. a3 Bc5 18. Qg3 Nb6 19. f5 Bf8 20. Ne2 a4 21. e6 fxe6 22. f6 1-0

[Event "45th FIDE Womens Olympiad 2024"]
[Site "Budapest"]
[Date "2024.09.11"]
[Round "1.118"]
[White "Bantiwalu, Aster Melake"]
[Black "Exler, Veronika"]
[Result "0-1"]
[ECO "B13"]
[WhiteElo "1704"]
[BlackElo "2176"]
[Annotator "ChessBase"]
[PlyCount "90"]
[EventDate "2024.09.05"]
[EventType "team-tourn"]
[EventCountry "HUN"]
[SourceTitle "playchess.com"]
[Source "ChessBase"]
[SourceQuality "1"]
[WhiteTeam "Ethiopia"]
[BlackTeam "Austria"]
[WhiteTeamCountry "ETH"]
[BlackTeamCountry "AUT"]
[TimeControl "40/5400+30:1800+30"]

1. e4 c6 2. Nf3 d5 3. exd5 cxd5 4. d4 Nc6 5. Nc3 Bg4 6. Be2 e6 7. h3 Bh5 8. O-O Bd6 9. Nb5 Bb8 10. c3 Nf6 11. Nd2 Bg6 12. f4 a6 13. Na3 Bd6 14. Nf3 Qc7 15. Ne5 Bxa3 16. bxa3 Ne4 17. Bd2 Nxc3 18. Bxc3 Nxe5 19. dxe5 Qxc3 20. Qa4+ Qc6 21. Qb4 a5 22. Qb2 Qc5+ 23. Kh1 O-O 24. Rac1 Qe7 25. a4 Rac8 26. Rxc8 Rxc8 27. Qb6 Qc7 28. Qb5 h6 29. Bf3 Qc4 30. Ra1 Qxf4 31. Qxb7 Rc1+ 32. Rxc1 Qxc1+ 33. Kh2 Qf4+ 34. Kh1 Qxa4 35. Qb2 Qb4 36. Qc1 Kh7 37. Kh2 d4 38. Qd1 d3 39. Kh1 Qb2 40. Qe1 d2 41. Qe2 Qxa2 42. h4 Qb1+ 43. Kh2 Qe1 44. g3 Qxe2+ 45. Bxe2 Bc2 0-1

[Event "45th FIDE Womens Olympiad 2024"]
[Site "Budapest"]
[Date "2024.09.11"]
[Round "1.119"]
[White "Schloffer, Jasmin-Denise"]
[Black "Abera, Mekdes Demssie"]
[Result "0-1"]
[ECO "D41"]
[WhiteElo "2168"]
[BlackElo "1593"]
[Annotator "ChessBase"]
[PlyCount "72"]
[EventDate "2024.09.05"]
[EventType "team-tourn"]
[EventCountry "HUN"]
[SourceTitle "playchess.com"]
[Source "ChessBase"]
[SourceQuality "1"]
[WhiteTeam "Austria"]
[BlackTeam "Ethiopia"]
[WhiteTeamCountry "AUT"]
[BlackTeamCountry "ETH"]
[TimeControl "40/5400+30:1800+30"]

1. d4 d5 2. Nf3 e6 3. e3 Nf6 4. c4 c5 5. cxd5 Nxd5 6. Nc3 Nc6 7. Be2 cxd4 8. exd4 Bb4 9. Bd2 a6 10. O-O O-O 11. a3 Be7 12. Qc2 Nf6 13. Be3 g6 14. Rfd1 Nd5 15. Bh6 Re8 16. Ne4 Bf8 17. Bxf8 Kxf8 18. h4 f5 19. Nc5 b6 20. Nxa6 Nxd4 21. Nxd4 Bxa6 22. Bxa6 Rxa6 23. Qc4 Ra8 24. Nxe6+ Rxe6 25. Rxd5 Qe7 26. Qd4 Qf6 27. Qb4+ Kg8 28. Rad1 Rae8 29. Rd7 Re4 30. Qb3+ Kh8 31. g3 Qc6 32. Qd5 Qc2 33. Qf7 Re1+ 34. Kg2 Qe4+ 35. f3 Qe2+ 36. Kh3 Qf1+ 0-1

[Event "45th FIDE Womens Olympiad 2024"]
[Site "Budapest"]
[Date "2024.09.11"]
[Round "1.120"]
[White "Teshome, Wubrist Bekele"]
[Black "Hapala, Elisabeth"]
[Result "0-1"]
[ECO "B40"]
[WhiteElo "1614"]
[BlackElo "2113"]
[Annotator "NA"]
[PlyCount "56"]
[EventDate "2024.09.05"]
[EventType "team-tourn"]
[EventCountry "HUN"]
[SourceTitle "playchess.com"]
[Source "ChessBase"]
[SourceQuality "1"]
[WhiteTeam "Ethiopia"]
[BlackTeam "Austria"]
[WhiteTeamCountry "ETH"]
[BlackTeamCountry "AUT"]
[TimeControl "40/5400+30:1800+30"]

1. e4 c5 2. Nf3 e6 3. Nc3 a6 4. h3 Nc6 5. d4 cxd4 6. Nxd4 Qc7 7. Nb3 Nf6 8. a3 b5 9. f4 d6 10. Bd3 Be7 11. Qf3 Bb7 12. Be3 O-O 13. g4 Nd7 14. g5 Nc5 15. Nxc5 dxc5 16. Qh5 c4 17. Be2 Rfd8 18. Rg1 Nd4 19. O-O-O Nxe2+ 20. Qxe2 b4 21. axb4 Bxb4 22. Rxd8+ Rxd8 23. Qf2 Qa5 24. Bb6 Qa1+ 25. Nb1 Bd2+ 26. Kd1 Qxb1+ 27. Ke2 Qxc2 28. Bxd8 Be3+ 0-1

[Event "45th FIDE Womens Olympiad 2024"]
[Site "Budapest"]
[Date "2024.09.11"]
[Round "1.121"]
[White "Vilhete, Vania Fausto Da T."]
[Black "Mihok-Juhasz, Barbara"]
[Result "0-1"]
[ECO "E74"]
[WhiteElo "1877"]
[BlackElo "2193"]
[Annotator "ChessBase"]
[PlyCount "90"]
[EventDate "2024.09.05"]
[EventType "team-tourn"]
[EventCountry "HUN"]
[SourceTitle "playchess.com"]
[Source "ChessBase"]
[SourceQuality "1"]
[WhiteTeam "Mozambique"]
[BlackTeam "Hungary B"]
[WhiteTeamCountry "MOZ"]
[BlackTeamCountry "HUN"]
[TimeControl "40/5400+30:1800+30"]

1. d4 Nf6 2. c4 g6 3. Nc3 Bg7 4. e4 d6 5. Be2 O-O 6. Bg5 c5 7. d5 h6 8. Bf4 e6 9. dxe6 Bxe6 10. Qc1 Qa5 11. Bd2 Qb6 12. Rb1 Kh7 13. Nf3 Nc6 14. O-O Nd4 15. Nxd4 cxd4 16. Nd5 Bxd5 17. exd5 Ne4 18. Qc2 f5 19. Bd3 Rfe8 20. Rfe1 Nxd2 21. Qxd2 Re5 22. b4 Rae8 23. Kf1 Qd8 24. g3 h5 25. Be2 Qe7 26. Bf3 Bh6 27. Qd1 b6 28. Re2 Bg7 29. Qd3 Rxe2 30. Bxe2 Qe5 31. Bf3 Re7 32. Qd2 Bh6 33. Qc2 h4 34. Kg2 Rc7 35. Qe2 Qg7 36. Re1 Bg5 37. Qd3 b5 38. cxb5 Rc3 39. Qd1 Rc1 40. Qe2 d3 41. Qe6 Rxe1 42. Qxe1 d2 43. Qb1 Qc3 44. Bd1 Qc4 45. Qb3 h3+ 0-1

[Event "45th FIDE Womens Olympiad 2024"]
[Site "Budapest"]
[Date "2024.09.11"]
[Round "1.122"]
[White "Karacsonyi, Kata"]
[Black "Efentakis, Katina"]
[Result "1-0"]
[ECO "C87"]
[WhiteElo "2233"]
[BlackElo "1650"]
[Annotator "TA"]
[PlyCount "141"]
[EventDate "2024.09.05"]
[EventType "team-tourn"]
[EventCountry "HUN"]
[SourceTitle "playchess.com"]
[Source "ChessBase"]
[SourceQuality "1"]
[WhiteTeam "Hungary B"]
[BlackTeam "Mozambique"]
[WhiteTeamCountry "HUN"]
[BlackTeamCountry "MOZ"]
[TimeControl "40/5400+30:1800+30"]

1. e4 e5 2. Nf3 Nc6 3. Bb5 a6 4. Ba4 d6 5. O-O Nf6 6. c3 b5 7. Bc2 Be7 8. h3 O-O 9. Re1 Re8 10. d3 Bb7 11. Nbd2 h6 12. Nf1 {White is slightly better.} Bf8 13. Ng3 Ne7 14. Nh4 g6 15. Qf3 Nc8 16. Bb3 d5 17. exd5 {[%cal Oh4g6] And now Nxg6! would win.} Bxd5 18. Bxd5 Nxd5 19. Nhf5 gxf5 $17 20. Nxf5 Ncb6 21. Re4 {[#]} Nf4 $1 22. Bxf4 $11 exf4 23. Rxf4 (23. Rae1 $11 Rxe4 24. Rxe4) 23... Kh7 (23... Qd5 $17 {...Qxf3 is the strong threat.} 24. Qg4+ Kh8) 24. Nd4 Bg7 25. Rf5 ({Better is} 25. Rxf7 $11 Kg8 26. Rb1) 25... f6 (25... Kh8 $15) 26. Rxf6 $2 {[%mdl 8192] [#]} Qd6 $4 27. Rf7 $2 (27. Rxd6 $18 cxd6 28. Nf5) 27... Qd5 28. Qf6 Qg5 29. Qf5+ Qxf5 30. Nxf5 Kg6 31. Rxg7+ Kxf5 32. Rxc7 Re2 33. c4 bxc4 (33... Rxb2 34. Rc5+ Ke6 (34... Kf4 35. Re1) 35. Rc6+ Ke5 36. Rxb6 $18) 34. dxc4 Rc8 35. g4+ Ke6 36. Rxc8 Nxc8 {[%mdl 4096] Endgame. KRN-KR} 37. b3 Na7 38. Kf1 Re5 (38... Rd2 $11 {and Black is okay.}) 39. Rd1 Nc6 40. a3 (40. f4 $16 Re3 41. c5 (41. Re1 Rxe1+ 42. Kxe1 Nb4 $18)) 40... a5 41. Rd3 ({White should play} 41. Re1 $16) 41... Re4 {[#]} (41... a4 $1 $11 {remains equal.}) 42. f3 ({White should try} 42. Re3 $1 $16 Ke5 43. Rxe4+ Kxe4 44. Kg2) 42... Rd4 43. Ke2 (43. Rxd4 $14 Nxd4 44. f4 (44. b4 axb4 45. axb4 Nc2 $16) 44... Nxb3 45. Ke2) 43... Rxd3 $4 (43... a4 $11) 44. Kxd3 {KN-KP} Ke5 45. Ke3 Kd6 46. f4 Kc5 47. Kd3 Ne7 48. Ke4 Nc6 49. g5 hxg5 50. fxg5 Kd6 51. h4 Ke6 52. h5 Ne7 53. b4 axb4 54. axb4 {White mates.} Nc8 55. c5 Na7 56. h6 Kf7 57. Kd5 Nc8 58. b5 Ne7+ 59. Kd6 Nf5+ 60. Kd7 Kg6 61. b6 Kxg5 {KN-K3P} 62. h7 Kg6 63. h8=Q Ng7 64. Qxg7+ Kxg7 {KP-KP} 65. b7 Kh7 66. b8=Q Kg6 67. Qf4 Kh5 68. Qg3 Kh6 69. Ke6 Kh7 70. Kf6 Kh8 71. Qg7# {Quite a comeback for White.   Weighted Error Value: White=0.47/Black=0.50.  Loses game:     	White=1     	Black=2      Missed win:     	White=1     	Black=1      Mistake:       	White=7     	Black=4      Inaccurate:     	White=3     	Black=1      OK:         	White=8     	Black=8      Best:        	White=1     	Black=3} 1-0

[Event "45th FIDE Womens Olympiad 2024"]
[Site "Budapest"]
[Date "2024.09.11"]
[Round "1.123"]
[White "Sandramo, Chineva Rufino"]
[Black "Demeter, Dorina"]
[Result "0-1"]
[ECO "C54"]
[WhiteElo "1524"]
[BlackElo "2199"]
[Annotator "ChessBase"]
[PlyCount "58"]
[EventDate "2024.09.05"]
[EventType "team-tourn"]
[EventCountry "HUN"]
[SourceTitle "playchess.com"]
[Source "ChessBase"]
[SourceQuality "1"]
[WhiteTeam "Mozambique"]
[BlackTeam "Hungary B"]
[WhiteTeamCountry "MOZ"]
[BlackTeamCountry "HUN"]
[TimeControl "40/5400+30:1800+30"]

1. e4 e5 2. Nf3 Nc6 3. Bc4 Bc5 4. d3 Nf6 5. c3 d6 6. Nbd2 a6 7. O-O Ba7 8. a4 h6 9. Re1 O-O 10. Nf1 Be6 11. Bxe6 fxe6 12. Be3 Bxe3 13. Nxe3 Qd7 14. b4 Ne7 15. h3 Ng6 16. Nh2 Nf4 17. Neg4 h5 18. Nxf6+ Rxf6 19. Re3 Raf8 20. c4 Qf7 21. Rg3 Rg6 22. Ra2 d5 23. c5 Qf6 24. b5 a5 25. Rb2 Rg5 26. Rxg5 Qxg5 27. g3 Nxh3+ 28. Kg2 Nf4+ 29. Kh1 Nxd3 0-1

[Event "45th FIDE Womens Olympiad 2024"]
[Site "Budapest"]
[Date "2024.09.11"]
[Round "1.125"]
[White "Repkova, Eva"]
[Black "Karelina, Polina"]
[Result "1-0"]
[ECO "B07"]
[WhiteElo "2319"]
[BlackElo "1898"]
[Annotator "ChessBase"]
[PlyCount "43"]
[EventDate "2024.09.05"]
[EventType "team-tourn"]
[EventCountry "HUN"]
[SourceTitle "playchess.com"]
[Source "ChessBase"]
[SourceQuality "1"]
[WhiteTeam "Slovakia"]
[BlackTeam "Bahamas"]
[WhiteTeamCountry "SVK"]
[BlackTeamCountry "BAH"]
[TimeControl "40/5400+30:1800+30"]

1. e4 d6 2. d4 Nf6 3. Bd3 e5 4. c3 Nbd7 5. Nf3 Be7 6. Nbd2 O-O 7. O-O c6 8. Re1 Re8 9. Nf1 Bf8 10. Ng3 Qc7 11. h3 g6 12. Be3 d5 13. Nxe5 Nxe5 14. dxe5 Nxe4 15. Bxe4 dxe4 16. Nxe4 Rd8 17. Qa4 b5 18. Nf6+ Kh8 19. Qh4 h5 20. Bg5 Be7 21. Re3 Kg7 22. Nxh5+ 1-0

[Event "45th FIDE Womens Olympiad 2024"]
[Site "Budapest"]
[Date "2024.09.11"]
[Round "1.126"]
[White "Thomas, Nelissa"]
[Black "Mrvova, Alena"]
[Result "0-1"]
[ECO "B40"]
[WhiteElo "1631"]
[BlackElo "2121"]
[Annotator "NA"]
[PlyCount "62"]
[EventDate "2024.09.05"]
[EventType "team-tourn"]
[EventCountry "HUN"]
[SourceTitle "playchess.com"]
[Source "ChessBase"]
[SourceQuality "1"]
[WhiteTeam "Bahamas"]
[BlackTeam "Slovakia"]
[WhiteTeamCountry "BAH"]
[BlackTeamCountry "SVK"]
[TimeControl "40/5400+30:1800+30"]

1. e4 c5 2. Nf3 e6 3. Nc3 a6 4. a4 b6 5. Bc4 Bb7 6. O-O d6 7. d3 Be7 8. Bf4 Nf6 9. Qd2 O-O 10. Rfe1 Ne8 11. Re3 Nc6 12. Ne1 Ne5 13. Rh3 Ng6 14. Be3 d5 15. Bb3 d4 16. Bh6 dxc3 17. bxc3 Bf6 18. Nf3 e5 19. Ng5 Nf4 20. Rg3 Nd6 21. Nxh7 Kxh7 22. Bxf4 c4 23. Rh3+ Kg8 24. Ba2 Bc8 25. Rg3 exf4 26. Qxf4 Re8 27. Re1 Be5 28. Rxg7+ Kxg7 29. Qf3 Qf6 30. Qd1 Bxh2+ 31. Kxh2 Qxf2 0-1

[Event "45th FIDE Womens Olympiad 2024"]
[Site "Budapest"]
[Date "2024.09.11"]
[Round "1.127"]
[White "Bochnickova, Simona"]
[Black "Johnson, Daijah"]
[Result "1-0"]
[ECO "B45"]
[WhiteElo "2138"]
[BlackElo "1625"]
[Annotator "NA RC"]
[PlyCount "35"]
[EventDate "2024.09.05"]
[EventType "team-tourn"]
[EventCountry "HUN"]
[SourceTitle "playchess.com"]
[Source "ChessBase"]
[SourceQuality "1"]
[WhiteTeam "Slovakia"]
[BlackTeam "Bahamas"]
[WhiteTeamCountry "SVK"]
[BlackTeamCountry "BAH"]
[TimeControl "40/5400+30:1800+30"]

1. e4 c5 2. Nf3 Nc6 3. d4 cxd4 4. Nxd4 e6 5. Nc3 Nf6 6. Nxc6 bxc6 7. e5 Nd5 8. Nxd5 cxd5 9. Bd3 Be7 10. Qg4 g6 11. h4 f5 12. exf6 Bxf6 13. Rh3 e5 14. Bxg6+ Ke7 15. Rf3 Qg8 16. Rxf6 d6 17. Qg5 h6 18. Rf7+ 1-0

[Event "45th FIDE Womens Olympiad 2024"]
[Site "Budapest"]
[Date "2024.09.11"]
[Round "1.128"]
[White "Pride, Chika"]
[Black "Walter, Ema"]
[Result "0-1"]
[ECO "C54"]
[WhiteElo "1587"]
[BlackElo "2055"]
[Annotator "NA"]
[PlyCount "114"]
[EventDate "2024.09.05"]
[EventType "team-tourn"]
[EventCountry "HUN"]
[SourceTitle "playchess.com"]
[Source "ChessBase"]
[SourceQuality "1"]
[WhiteTeam "Bahamas"]
[BlackTeam "Slovakia"]
[WhiteTeamCountry "BAH"]
[BlackTeamCountry "SVK"]
[TimeControl "40/5400+30:1800+30"]

1. e4 e5 2. Nf3 Nc6 3. Bc4 Bc5 4. d3 Nf6 5. c3 a5 6. a4 Ba7 7. O-O h6 8. Nbd2 O-O 9. Re1 d6 10. Nf1 Re8 11. Ng3 Be6 12. Bxe6 Rxe6 13. Be3 Bxe3 14. Rxe3 d5 15. Qb3 Ra6 16. Ra3 Rb6 17. Qc2 d4 18. Re1 dxc3 19. bxc3 Qd6 20. Raa1 Qc5 21. Rab1 Rd6 22. Rxb6 cxb6 23. Nf5 Nb4 24. Qe2 Nxd3 25. Nxd6 Nxe1 26. Qxe1 Qxd6 27. Qb1 Kf8 28. h3 Ke7 29. Qc2 Qc5 30. Kf1 Qc4+ 31. Ke1 Nxe4 32. Nxe5 Qxc3+ 33. Qxc3 Nxc3 34. Nc4 Nxa4 35. Kd2 Ke6 36. Kc2 Kd5 37. Ne3+ Ke6 38. Nc4 f6 39. Kb3 Nc5+ 40. Kc3 Nd7 41. f3 g6 42. g3 Kd5 43. h4 Kc5 44. Ne3 b5 45. Nc2 b4+ 46. Kb3 b5 47. f4 a4+ 48. Kb2 b3 49. Na3 Kb4 50. Nb1 Nc5 51. Nd2 a3+ 52. Ka1 b2+ 53. Ka2 Na4 54. Nb1 Nc3+ 55. Nxc3 Kxc3 56. Kb1 Kb3 57. g4 a2# 0-1

[Event "45th FIDE Womens Olympiad 2024"]
[Site "Budapest"]
[Date "2024.09.11"]
[Round "1.129"]
[White "Lyons, Kieran"]
[Black "Cramling, Pia"]
[Result "0-1"]
[ECO "B43"]
[WhiteElo "1818"]
[BlackElo "2425"]
[Annotator "TA"]
[PlyCount "76"]
[EventDate "2024.09.05"]
[EventType "team-tourn"]
[EventCountry "HUN"]
[SourceTitle "playchess.com"]
[Source "ChessBase"]
[SourceQuality "1"]
[WhiteTeam "Fiji"]
[BlackTeam "Sweden"]
[WhiteTeamCountry "FIJ"]
[BlackTeamCountry "SWE"]
[TimeControl "40/5400+30:1800+30"]

1. e4 c5 2. Nf3 e6 3. d4 cxd4 4. Nxd4 a6 5. Nc3 b5 6. Bd3 Bb7 7. O-O Nc6 8. Nxc6 Bxc6 9. e5 f5 10. Be3 g6 11. Ne2 {White has an edge.} Nh6 12. Nd4 (12. a4 {seems wilder.} Bg7 13. Nd4 Ng4 14. Bf4) 12... Bb7 13. Nf3 ({Better is} 13. a4 $14) 13... Nf7 $11 14. Bd4 Bg7 15. Re1 O-O 16. c3 Rc8 17. Nd2 (17. Bf1 $11 {remains equal.}) 17... d6 $17 18. f4 (18. exd6 {is a better defense.} e5 (18... Qxd6 19. Bxg7 Kxg7 20. Bf1 $15) 19. Be3) 18... dxe5 (18... Bh6 $19 19. exd6 Qxd6) 19. fxe5 Qd5 $40 {[%mdl 128] White needs to defend precisely.} (19... Bxe5 $17 20. Bxe5 Nxe5 (20... Qxd3 21. Bd4 $15) 21. Rxe5 Qxd3) 20. Qf3 $15 Qd7 (20... Nxe5 $2 21. Qxd5 Bxd5 22. Bxe5 $18) 21. Qg3 g5 (21... Bd5 $15) 22. Nf3 (22. a4 $11) 22... g4 23. Nd2 h5 {Hoping for ...Qd8.} 24. Qh4 Qd5 $1 25. Bf1 Bh6 $1 (25... Bxe5 $2 {is the wrong capture.} 26. Rxe5 Nxe5 27. Qxh5 $18) 26. Nb3 Bg5 27. Qxh5 {[%mdl 8192] [#] White does not recover from this.} (27. Qf2 $11) 27... Kg7 $1 $19 {Black is clearly winning.} 28. Be3 Bxe3+ 29. Rxe3 Rh8 $1 (29... Nxe5 $2 {too greedy.} 30. Rae1 Ng6 31. Rd3 $18 (31. Rxe6 Rf6 $18)) 30. Rd3 Rxh5 31. Rxd5 Bxd5 32. Nd4 Nxe5 33. Re1 Kf6 34. a3 Rch8 35. h3 gxh3 36. gxh3 Rg8+ 37. Kf2 Rh4 {[%cal Oe5d3] Threatens to win with ...Nd3+!} 38. Rd1 Nc4 {Weighted Error Value: White=0.78/Black=0.38.  Loses game:     	White=1     	---        Mistake:       	White=4     	Black=3      Inaccurate:     	White=1     	Black=1      OK:         	White=7     	Black=5      Best:        	---       	Black=1      Strong:       	---       	Black=2} 0-1

[Event "45th FIDE Womens Olympiad 2024"]
[Site "Budapest"]
[Date "2024.09.11"]
[Round "1.130"]
[White "Agrest, Inna"]
[Black "Sukhu, Gloria"]
[Result "1-0"]
[ECO "B45"]
[WhiteElo "2197"]
[BlackElo "1634"]
[Annotator "NA RC"]
[PlyCount "55"]
[EventDate "2024.09.05"]
[EventType "team-tourn"]
[EventCountry "HUN"]
[SourceTitle "playchess.com"]
[Source "ChessBase"]
[SourceQuality "1"]
[WhiteTeam "Sweden"]
[BlackTeam "Fiji"]
[WhiteTeamCountry "SWE"]
[BlackTeamCountry "FIJ"]
[TimeControl "40/5400+30:1800+30"]

1. e4 c5 2. Nf3 Nc6 3. d4 cxd4 4. Nxd4 Nf6 5. Nc3 e6 6. Nxc6 bxc6 7. e5 Nd5 8. Ne4 d6 9. c4 Nb6 10. Bg5 Be7 11. Nxd6+ Kf8 12. Qh5 g6 13. Bxe7+ Qxe7 14. Qh6+ Kg8 15. Rd1 Nd7 16. f4 Nc5 17. b4 Nd7 18. c5 a6 19. Be2 f6 20. Bf3 Rb8 21. O-O fxe5 22. Bxc6 Nf6 23. fxe5 Ng4 24. Qf4 Nxe5 25. Qxe5 Bd7 26. Bxd7 Qxd7 27. Nf5 Qxd1 28. Nh6# 1-0

[Event "45th FIDE Womens Olympiad 2024"]
[Site "Budapest"]
[Date "2024.09.11"]
[Round "1.131"]
[White "Terubea, Cydel"]
[Black "Cramling Bellon, Anna"]
[Result "0-1"]
[ECO "B40"]
[WhiteElo "1681"]
[BlackElo "2066"]
[Annotator "NA"]
[PlyCount "60"]
[EventDate "2024.09.05"]
[EventType "team-tourn"]
[EventCountry "HUN"]
[SourceTitle "playchess.com"]
[Source "ChessBase"]
[SourceQuality "1"]
[WhiteTeam "Fiji"]
[BlackTeam "Sweden"]
[WhiteTeamCountry "FIJ"]
[BlackTeamCountry "SWE"]
[TimeControl "40/5400+30:1800+30"]

1. e4 c5 2. Nf3 e6 3. Nc3 Nc6 4. d4 cxd4 5. Nxd4 Nf6 6. Nf3 Bb4 7. Bd3 Qc7 8. h3 h6 9. Bd2 a6 10. Qe2 d6 11. O-O O-O 12. Rfe1 Rd8 13. e5 dxe5 14. Nxe5 Nd4 15. Qe3 Bc5 16. Qg3 Nf5 17. Qf3 Bd6 18. Ng4 Be7 19. Ne4 Nxe4 20. Qxe4 Bd7 21. Nxh6+ gxh6 22. g4 Bc6 23. Qe5 Qxe5 24. Rxe5 Nh4 25. Rh5 Nf3+ 26. Kf1 Nxd2+ 27. Kg1 Bg5 28. h4 Nf3+ 29. Kf1 Nxh4 30. Re1 Bg2+ 0-1

[Event "45th FIDE Womens Olympiad 2024"]
[Site "Budapest"]
[Date "2024.09.11"]
[Round "1.132"]
[White "Zaritovskaja, Margarita"]
[Black "Prasad, Tanvi"]
[Result "1-0"]
[ECO "B00"]
[WhiteElo "2009"]
[BlackElo "1564"]
[Annotator "NA RC"]
[PlyCount "29"]
[EventDate "2024.09.05"]
[EventType "team-tourn"]
[EventCountry "HUN"]
[SourceTitle "playchess.com"]
[Source "ChessBase"]
[SourceQuality "1"]
[WhiteTeam "Sweden"]
[BlackTeam "Fiji"]
[WhiteTeamCountry "SWE"]
[BlackTeamCountry "FIJ"]
[TimeControl "40/5400+30:1800+30"]

1. e4 b6 2. d4 Bb7 3. Nc3 e6 4. Nf3 Nf6 5. Bd3 Bb4 6. Qe2 O-O 7. e5 Nd5 8. Bxh7+ Kxh7 9. Ng5+ Kg8 10. Qh5 Re8 11. Qxf7+ Kh8 12. Qh5+ Kg8 13. Qh7+ Kf8 14. Qh8+ Ke7 15. Qxg7# 1-0

[Event "45th FIDE Womens Olympiad 2024"]
[Site "Budapest"]
[Date "2024.09.11"]
[Round "1.133"]
[White "Khamdamova, Afruza"]
[Black "Seine, Rose Berline"]
[Result "1-0"]
[ECO "C65"]
[WhiteElo "2313"]
[BlackElo "1778"]
[Annotator "ChessBase"]
[PlyCount "71"]
[EventDate "2024.09.05"]
[EventType "team-tourn"]
[EventCountry "HUN"]
[SourceTitle "playchess.com"]
[Source "ChessBase"]
[SourceQuality "1"]
[WhiteTeam "Uzbekistan"]
[BlackTeam "Haiti"]
[WhiteTeamCountry "UZB"]
[BlackTeamCountry "HAI"]
[TimeControl "40/5400+30:1800+30"]

1. e4 e5 2. Nf3 Nc6 3. Bb5 Nf6 4. d3 Bc5 5. O-O d6 6. c3 Bd7 7. Re1 Qe7 8. d4 Bb6 9. h3 O-O-O 10. d5 Nb8 11. Bxd7+ Nbxd7 12. a4 c6 13. a5 Bc7 14. a6 b6 15. dxc6 Nb8 16. c4 Nxc6 17. Bg5 h6 18. Bxf6 Qxf6 19. Nc3 Qe6 20. Qa4 Ne7 21. Nd5 Qd7 22. Nxe7+ Qxe7 23. b4 Qd7 24. Qb3 Qe6 25. Nd2 Kd7 26. Nf1 b5 27. Ne3 bxc4 28. Qa4+ Kc8 29. Qc6 d5 30. Qb7+ Kd7 31. Nxd5 Qc6 32. Nf6+ Qxf6 33. Red1+ Ke8 34. Qxc7 Rd4 35. Qb8+ Qd8 36. Qxe5+ 1-0